 Dungeon Crawl Stone Soup version 0.28-a0-1348-g050f3537b9 (webtiles) character file.

Game seed: 12917711095712579805

103 Deminshera the Sneak (level 5, -5/32 HPs)
             Began as a Kobold Brigand on Dec 30, 2021.
             Splashed by a jelly's acid (7 damage)
             ... in a sewer.
             The game lasted 00:03:55 (2644 turns).

Deminshera the Sneak (Kobold Brigand)               Turns: 2644, Time: 00:03:56

Health: -5/32      AC: -3    Str: 11    XL:     5   Next: 6%
Magic:  5/5        EV: 14    Int: 12    God:
Gold:   59         SH:  0    Dex: 16    Spells: 4/4 levels left

rFire   . . .      SeeInvis .   a - +2 dagger
rCold   . . .      Faith    .   (no shield)
rNeg    . . .      Spirit   .   b - +0 robe
rPois   .          Reflect  .   (no helmet)
rElec   .          Harm     .   c - +0 cloak
rCorr   .          Rampage  .   g - +1 pair of gloves
Will    .....                   (no boots)
Stlth   ++........              (no amulet)
HPRegen 0.10/turn               (no ring)
MPRegen 0.09/turn               (no ring)

@: corroded, very slow
A: small, no large weapons, nightstalker 3
a: no special abilities


You were in a sewer.
You visited 1 branch of the dungeon, and saw 3 of its levels.
You also visited: Sewer.

You collected 59 gold pieces.

Inventory:

Hand Weapons
 a - a +2 dagger (weapon)
Missiles
 d - 7 poisoned darts (quivered)
 e - 3 curare-tipped darts
 j - 40 stones
Armour
 b - a +0 robe (worn)
 c - a +0 cloak (worn)
 g - a +1 pair of gloves (worn)
Scrolls
 f - a scroll of amnesia
 h - a scroll of teleportation
 i - a scroll of identify
Potions
 k - a potion of curing
 l - a potion of might {unknown}
 m - a potion of degeneration {unknown}
 n - a potion of magic {unknown}


   Skills:
 + Level 3.0 Fighting
 + Level 3.6 Short Blades
 * Level 3.7 Throwing
 - Level 1.2 Dodging
 + Level 6.0 Stealth


You had 4 spell levels left.
You didn't know any spells.
Your spell library was empty.

Dungeon Overview and Level Annotations

Branches:
Dungeon (3/15)              Sewer (1/1)

Altars:

Shops:
D:1 *


Innate Abilities, Weirdness & Mutations

You are small and have problems with some larger weapons.
You are completely attuned to the shadows.


Message History

Found a scroll labelled YPHETH CUOBBA.
Found a viscous altar of Jiyva.
The jelly quivers.
The jelly hits you but does no damage.
You hit the jelly. The acid corrodes you!
Your hands burn!
The jelly is lightly wounded.
The jelly completely misses you.
You enter the shallow water.
Moving in this stuff is going to be slow.
The jelly hits you.
You are splashed with acid!
The jelly misses you. The jelly closely misses you.
The jelly closely misses you.
You enter the shallow water.
Moving in this stuff is going to be slow.
The jelly barely misses you.
You aren't carrying any items that you can evoke.
Okay, then.
You feel better. The jelly barely misses you.
Okay, then.
Okay, then.
You enter the shallow water.
Moving in this stuff is going to be slow.
You are no longer corroded.
You hit the jelly.
Your hands burn!
The jelly is heavily wounded.
The jelly hits you. The acid corrodes you!
You are splashed with acid!
You enter the shallow water.
Moving in this stuff is going to be slow.
The jelly closely misses you.
You enter the shallow water.
Moving in this stuff is going to be slow.
The jelly hits you. The acid corrodes you!
You are splashed with acid!
* * * LOW HITPOINT WARNING * * *
You enter the shallow water.
Moving in this stuff is going to be slow.
The jelly hits you.
* * * LOW HITPOINT WARNING * * *
You are splashed with acid!
You die...

≈≈...≈..#
#≈≈.≈..≈≈....#
#..≈.÷≈÷##
#.....≈≈..≈.≈#
###.÷..≈≈##
###########..#
#≈≈.....≈## #.≈#
#≈.≈###≈.≈≈# #..#
≈..## ##.≈.## ##..#
≈.# ##.≈≈### ###.≈.#
≈.
#≈≈...#########.†.≈.#
##.≈≈..J@...≈.≈.≈..##
####..≈...≈..≈.####
#############


You could see a jelly.

Vanquished Creatures
  3 adders
  A river rat (Sewer)
  A worm (D:2)
  3 dart slugs
  10 endoplasms
  5 giant cockroaches
  5 goblins
  4 hobgoblins
  3 jackals (D:2)
  2 kobolds
  7 ball pythons
  A bat (D:2)
  7 frilled lizards
  4 rats
56 creatures vanquished.

Notes
Turn   | Place    | Note
-------+----------+-------------------------------------------
     0 | D:1      | Deminshera the Kobold Brigand began the quest for the Orb.
     0 | D:1      | Reached XP level 1. HP: 12/12 MP: 1/1
   331 | D:1      | Found Huz Peukh's General Store.
   460 | D:1      | Reached XP level 2. HP: 18/18 MP: 2/2
   957 | D:2      | Reached XP level 3. HP: 22/22 MP: 3/3
  1915 | D:2      | Found a faded altar of an unknown god.
  1974 | D:3      | Identified a scroll of acquirement
  1974 | D:3      | Acquired a manual of Crossbows
  1975 | D:3      | Found a glowing drain.
  1982 | D:3      | Reached XP level 4. HP: 22/27 MP: 4/4
  2005 | Sewer    | Entered a sewer
  2406 | Sewer    | Reached skill level 6 in Stealth
  2525 | Sewer    | Reached XP level 5. HP: 24/32 MP: 5/5
  2612 | Sewer    | Found a viscous altar of Jiyva.
  2644 | Sewer    | Splashed by a jelly's acid

Illustrated notes

Levels and vault maps discovered:
D:1:      lightli_arrival_chessboard, layout_basic, serial_shops,
          nicolae_shop_hallway_plus
D:2:      layout_rooms, hellmonk_ecumenical_altar_heavens_door
D:3:      layout_basic, gup_sewer_entry_glass, uniq_ijyb
Sewer:    sewer_hellmonk_slimy_pipes

Skill      XL: |  1  2  3  4 |
---------------+-------------+-----
Short Blades   | 3 |  3.6
Throwing       | 3 |  3.7
Fighting       | 3 |  3.0
Stealth        | 6 |  6.0
Dodging        | |  1.2

Action                   |  1- 3 |  4- 6 || total
-------------------------+-------+-------++-------
Melee: Dagger            |    76 |    83 ||   159
Throw: Dart              |    15 |     1 ||    16
  Use: Scroll            |     5 |       ||     5
       Potion            |       |     1 ||     1
 Stab: Sleeping          |    15 |     7 ||    22
Armor: Robe              |    12 |    12 ||    24
Dodge: Dodged            |    45 |    43 ||    88

Table legend: (Time is in decaauts)
 A = Elapsed time spent in this place.
 B = Non-inter-level travel time spent in this place.
 C = Inter-level travel time spent in this place.
 D = Time resting spent in this place.
 E = Time spent auto-exploring this place.
 F = Levels seen in this place.
 G = Mean time per level.
                   A        B        C        D        E       F      G
               +--------+--------+--------+--------+--------+-----+--------+
         Total |   2641 |   2581 |     60 |    761 |   1408 |   4 |  660.2 |
       Dungeon |   1992 |   1932 |     60 |    557 |   1104 |   3 |  664.0 |
         Sewer |    648 |    648 |      0 |    204 |    304 |   1 |  648.0 |
               +--------+--------+--------+--------+--------+-----+--------+

Top non-repeatable levels by time:
     D:2: 1019 daAuts
     D:1: 935 daAuts
   Sewer: 648 daAuts
     D:3: 37 daAuts
